AoeStats
← Fenix

Arabia

509956132Analyzed
1v1 RM · 4d ago on Sep 28, 2026· 41m 40s· 2 players
Game mode
Random Map
Map size
Tiny (2 player)
Population
200
Speed
Normal
Resources
Standard
Victory
Conquest
Starting age
Dark Age
Ending age
Imperial Age
RankedLock teamsTeams togetherTeam positionsShared explorationLock speedFull tech treeHidden civsTurbo modeCheats
Victory
Defeat
🇨🇭 Inca · Switzerland
1482
+16
🇵🇪 Sicilians · Peru
1480
-16
Fenix
6:24 Loom
9:10 Feudal Age
9:45 Double-Bit Axe
10:53 Horse Collar
23:10 Castle Age
21:23 Scale Mail Armor
21:20 Gold Mining
24:50 Chain Mail Armor
25:10 Squires
27:00 Bow Saw
27:28 Forging
38:20 Imperial Age
36:40 Scale Barding Armor
37:15 Husbandry
38:18 Bloodlines
38:30 Cavalier
39:30 Chain Barding Armor
Socors
6:20 Loom
9:46 Feudal Age
9:58 Champi Runner
10:28 Double-Bit Axe
16:27 Fletching
17:21 Wheelbarrow
16:59 Fletching
21:24 Castle Age
20:51 Padded Archer Armor
21:29 Crossbowman
22:08 Bodkin Arrow
23:43 Bow Saw
23:14 Horse Collar
24:57 Heavy Plow
30:17 Town Watch
30:56 Ballistics
36:47 Imperial Age
38:51 Bracer
41:10 Chemistry
Connection lost

Rejoining the realm…

Still unreachable

The connection could not be restored.

Session expired

The server has moved on; the page needs a fresh start.